 Dungeon Crawl Stone Soup version 0.19.1 (webtiles) character file.

477 Mesmaeker13 the Skirmisher (level 7, -4/62 HPs)
             Began as a Hill Orc Gladiator on Nov 25, 2016.
             Slain by an iguana (11 damage)
             ... on level 3 of the Dungeon.
             The game lasted 00:11:38 (3927 turns).

Mesmaeker13 the Skirmisher (Hill Orc Gladiator)     Turns: 3927, Time: 00:11:39

Health: -4/62      AC:  8    Str: 23    XL:     7   Next: 11%
Magic:  7/7        EV: 12    Int:  8    God:
Gold:   106        SH:  0    Dex: 13    Spells: 0 memorised, 6 levels left

rFire  . . .     SeeInvis .     v - -3 short sword (curse)
rCold  . . .     Gourm    .     t - +0 ring mail
rNeg   . . .     Faith    .     (no shield)
rPois  .         Spirit   .     c - +0 helmet
rElec  .         Reflect  .     (no cloak)
rCorr  .         Harm     .     s - +0 pair of gloves
MR     .....     Rnd*Tele +     (no boots)
Stlth  +.........               q - amulet of inaccuracy (curse)
                                (no ring)
                                e - ring of teleportation (curse)

@: mighty
A: no striking features
a: no special abilities


You were on level 3 of the Dungeon.
You were hungry.

You visited 1 branch of the dungeon, and saw 4 of its levels.
You also visited: Sewer.

You collected 154 gold pieces.
You spent 48 gold pieces at shops.

Inventory:

Hand Weapons
 a - a +0 long sword
 v - a cursed -3 short sword (weapon)
Armour
 c - a +0 helmet (worn)
 s - a +0 pair of gloves (worn)
 t - a +0 ring mail (worn)
Jewellery
 e - a cursed ring of teleportation (left hand)
 k - an uncursed amulet of the gourmand
 q - a cursed amulet of inaccuracy (around neck)
Wands
 h - a wand of digging (4/24)
Scrolls
 d - 2 scrolls of identify
 l - a scroll of fog
 p - 2 scrolls of amnesia
 r - a scroll of recharging
Potions
 b - a potion of magic {unknown}
 i - a potion of haste {unknown}
 j - 2 potions of heal wounds
 n - a potion of invisibility {unknown}
 o - 2 potions of curing {unknown}
 w - a potion of brilliance {unknown}
Books
 u - Sif Muna's Reference Book on Aid
   (You found it on level 4 of the Dungeon)

   Spells                             Type                      Level
   a - Infusion                       Charms                       1
   b - Shroud of Golubria             Charms/Translocation         2
   c - Song of Slaying                Charms                       2
   d - Spectral Weapon                Hexes/Charms                 3
Comestibles
 f - a bread ration
 m - 3 meat rations


   Skills:
 + Level 5.8 Fighting
 + Level 5.6 Long Blades
 - Level 1.7 Throwing
 + Level 3.8 Armour
 - Level 2.4 Dodging


You had 6 spell levels left.
You didn't know any spells.

Dungeon Overview and Level Annotations

Branches:
Dungeon (4/15)
 Temple: D:4-7

Altars:
Vehumet

Shops:
D:4 !


Message History

There is a stone staircase leading down here.
You feel very mighty all of a sudden. The iguana bites you!
* * * LOW HITPOINT WARNING * * *
You are too injured to fight recklessly!
You are too injured to fight recklessly!
You are too injured to fight recklessly!
You are too injured to fight recklessly!
You barely miss the iguana. The iguana bites you.
* * * LOW HITPOINT WARNING * * *
You hit the iguana.
The iguana is lightly wounded.
The iguana closely misses you.
You puncture the iguana!
The iguana is heavily wounded.
The iguana barely misses you.
You barely miss the iguana.
The iguana is heavily wounded.
The iguana bites you!
You die...

#.....*###............$.........
###*,..,,......(!...........$...
**,,**#!..o......#.#.........
**,* *............#......... ####
*,***.......o..>........... ...#
*..***..................... ...#
*#.* *#......##..........?.
...#####.####.#######o...........
..$.............@loowo...........
..######.###...######............
..# #.....#...# #.....<...... .##
###....###.# ##........... .##
#...##...#.#####..#........ ..#
##.######....#..............
..####o.########.......##........
..#..o.###...#...................
..#.#####.........#.#..<.........


You could see a worm, an iguana and 4 orcs.

Vanquished Creatures
  3 big kobolds (Sewer)
  A hound (D:3)
  An iguana (D:3)
  A worker ant (D:4)
  10 adders
  3 oozes
  3 worms
  3 dart slugs
  A leopard gecko (D:3)
  5 orcs
  8 bats
  3 giant cockroaches
  3 goblins
  6 hobgoblins
  5 jackals
  12 kobolds
  A quokka (D:2)
  3 ball pythons
  2 frilled lizards
  16 rats
90 creatures vanquished.

Notes
Turn   | Place    | Note
-------+----------+-------------------------------------------
     0 | D:1      | Mesmaeker13 the Hill Orc Gladiator began the quest for the Orb.
     0 | D:1      | Reached XP level 1. HP: 18/18 MP: 1/1
   175 | D:1      | Reached XP level 2. HP: 23/25 MP: 2/2
   835 | D:1      | Reached XP level 3. HP: 17/31 MP: 3/3
  1244 | D:2      | Found a radiant altar of Vehumet.
  1265 | D:2      | Reached XP level 4. HP: 33/40 MP: 4/4
  2201 | D:3      | Reached skill level 1 in Armour
  2419 | D:3      | Reached XP level 5. HP: 36/46 MP: 5/5
  2431 | D:3      | Found a glowing drain.
  2435 | Sewer    | Entered a sewer
  2525 | Sewer    | Noticed a big kobold
  2541 | Sewer    | Killed a big kobold
  2541 | Sewer    | Reached skill level 5 in Long Blades
  2653 | Sewer    | Noticed a big kobold
  2653 | Sewer    | Noticed a big kobold
  2673 | Sewer    | Killed a big kobold
  2673 | Sewer    | Reached skill level 5 in Fighting
  2673 | Sewer    | Reached XP level 6. HP: 46/56 MP: 6/6
  3453 | D:4      | Identified Sif Muna's Reference Book on Aid
  3548 | D:4      | Found Mottarozue's Distillery.
  3567 | D:4      | Bought a potion of might for 48 gold pieces
  3709 | D:3      | Reached XP level 7. HP: 38/62 MP: 7/7
  3927 | D:3      | Slain by an iguana

Skill      XL: |  1  2  3  4  5  6 |
---------------+-------------------+-----
Fighting       | 3 4 5 |  5.8
Long Blades    | 4 5 |  5.6
Armour         | 1 2 3 |  3.8
Throwing       | |  1.7
Dodging        | |  2.4

Action                   |  1- 3 |  4- 6 |  7- 9 || total
-------------------------+-------+-------+-------++-------
Melee: Long sword        |    71 |   252 |       ||   323
       Short sword       |       |   234 |    69 ||   303
Throw: Throwing net      |     6 |     8 |       ||    14
Evoke: Wand              |       |     2 |       ||     2
  Use: Scroll            |     2 |     7 |       ||     9
       Potion            |       |     5 |     1 ||     6
 Stab: Held in net/web   |       |     2 |       ||     2
  Eat: Chunk             |     1 |     9 |     1 ||    11
Armor: Leather armour    |    37 |    12 |       ||    49
       Ring mail         |       |   163 |    30 ||   193
Dodge: Dodged            |    67 |   287 |    54 ||   408
       Rpst.: Long sword |    17 |    50 |       ||    67
